 Dungeon Crawl Stone Soup version 0.28.0-49-g6dfe1f597d (webtiles) character file.

Game seed: 1675601367307315159

23 Gabide the Poker (level 2, -1/24 HPs)
             Began as a Mummy Monk on May 13, 2022.
             Killed from afar by Natasha (2 damage)
             ... with a magic dart
             ... on level 2 of the Dungeon.
             The game lasted 00:02:36 (843 turns).

Gabide the Poker (Mummy Monk)                        Turns: 843, Time: 00:02:37

Health: -1/24      AC:  2    Str: 14    XL:     2   Next: 72%
Magic:  2/2        EV: 12    Int:  9    God:
Gold:   31         SH:  0    Dex: 14    Spells: 1/1 levels left

rFire   x . .      SeeInvis .   a - +0 spear (venom)
rCold   + . .      Faith    .   (no shield)
rNeg    + + +      Spirit   .   b - +0 robe
rPois   ∞          Reflect  .   (no helmet)
rElec   .          Harm     .   (no cloak)
rCorr   .          Rampage  .   (no gloves)
Will    .....                   (no boots)
Stlth   ++........              (no amulet)
HPRegen 0.08/turn               (no ring)
MPRegen 0.08/turn               (no ring)

@: no status effects
A: cold resistance 1, negative energy resistance 3, torment resistance 2, heat
vulnerability 1, no potions
a: no special abilities


You were on level 2 of the Dungeon.
You visited 1 branch of the dungeon, and saw 2 of its levels.

You collected 31 gold pieces.

Inventory:

Hand Weapons
 a - a +0 spear of venom (weapon)
Missiles
 f - 2 javelins (quivered)
Armour
 b - a +0 robe (worn)


   Skills:
 - Level 3.0 Fighting
 + Level 3.3 Polearms
 - Level 2.4 Dodging
 - Level 1.5 Stealth


You had one spell level left.
You didn't know any spells.
Your spell library was empty.

Dungeon Overview and Level Annotations

Branches:
Dungeon (2/15)

Altars:

Annotations:
D:2 Natasha


Innate Abilities, Weirdness & Mutations

You are immune to poison.
Your flesh is cold resistant. (rC+)
You are immune to negative energy. (rN+++)
You are immune to unholy pain and torment.
You are vulnerable to heat. (rF-)
You do not drink.


Message History

You are too injured to fight recklessly!
You are too injured to fight recklessly!
You are too injured to fight recklessly!
You barely miss Natasha.
Natasha is moderately wounded.
Natasha mumbles some strange words.
You can't drink.
Press: ? - help, v - describe, . - travel
Here: a crimson imp (summoned)
The floor.
Unknown command.
Unknown command.
You aren't carrying any items that you can evoke.
As you read the scroll labelled HOXEQYODAXT, it crumbles to dust.
You hear a loud clanging noise!
It was a scroll of noise.
You hear a shout! x3; You hear an angry hiss. x2
Natasha casts a spell.
The crimson imp closely misses you.
As you read the scroll labelled CEFAEGGOCOT, it crumbles to dust.
The creatures around you are filled with an inner flame!
It was a scroll of immolation.
Natasha closely misses you.
The crimson imp lashes its tail.
The crimson imp hits you.
As you read the scroll labelled PISCHI JIANE, it crumbles to dust.
It is a scroll of brand weapon.
Your +0 spear drips with poison.
a - a +0 spear of venom (weapon)
A kobold comes into view. It is wielding a +0 dagger.
Natasha claws you. The crimson imp closely misses you.
This is a scroll of acquirement!
Something appears at your feet! Natasha claws you!
* * * LOW HITPOINT WARNING * * *
The crimson imp laughs crazily.
The crimson imp blinks!
A bat comes into view.
The kobold closely misses you. Natasha casts a spell at you.
The magic dart hits you.
You die...

..##. ##.#...
#########.....#
#....<##.....
#........#†######
#................
)..###..5....#####
## #......########
#....##K@$h55..#
#....#########..#
#....# .....##
##.... ##...


You could see Natasha (inner flame), 2 crimson imps, a white imp (summoned,
inner flame) and a kobold.

Vanquished Creatures
  3 ball pythons
  3 endoplasms (D:1)
  2 giant cockroaches (D:1)
  2 goblins (D:1)
  A quokka (D:1)
  2 bats (D:1)
  4 kobolds (D:1)
  3 rats (D:1)
20 creatures vanquished.

Notes
Turn   | Place    | Note
-------+----------+-------------------------------------------
     0 | D:1      | Gabide the Mummy Monk began the quest for the Orb.
     0 | D:1      | Reached XP level 1. HP: 18/18 MP: 1/1
   307 | D:1      | Reached XP level 2. HP: 21/24 MP: 2/2
   828 | D:2      | Noticed Natasha
   837 | D:2      | Noticed a crimson imp
   839 | D:2      | Noticed a crimson imp
   842 | D:2      | Identified a scroll of acquirement
   842 | D:2      | Acquired 1058 gold pieces
   842 | D:2      | HP: 1/24 [Natasha (7)]
   843 | D:2      | Killed from afar by Natasha

Illustrated notes

Levels and vault maps discovered:
D:1:      nicolae_arrival_memento_mori, layout_loops_cross
D:2:      layout_rooms, basic_altar, uniq_natasha

Skill      XL: |  1 |
---------------+----+-----
Polearms       | 3 |  3.3
Fighting       | |  3.0
Dodging        | |  2.4
Stealth        | |  1.5

Action                   || total
-------------------------++-------
Melee: Spear             ||    74
  Use: Scroll            ||     4
 Stab: Sleeping          ||     5
Armor: Robe              ||     5
Dodge: Dodged            ||    36
